 Dungeon Crawl Stone Soup version 0.25-a0-734-g73332aeda9 (webtiles) character file.

Game seed: 1310388920127221465, levelgen mode: deterministic

79 kae the Gusty (level 4, 0/25 HPs)
             Began as a Tengu Air Elementalist on Apr 10, 2020.
             Slain by a gnoll
             ... wielding a +0 halberd of freezing
              (4 damage)
             ... on level 2 of the Dungeon.
             The game lasted 00:02:30 (1737 turns).

kae the Gusty (Tengu Air Elementalist)              Turns: 1737, Time: 00:02:31

Health: 0/25       AC:  2    Str:  8    XL:     4   Next: 38%
Magic:  0/8        EV: 13    Int: 16    God:
Gold:   36         SH:  0    Dex: 15    Spells: 4/8 levels left

rFire    . . .     SeeInvis .   e - +0 short sword (speed)
rCold    . . .     Gourm    .   (no shield)
rNeg     . . .     Faith    .   a - +0 robe
rPois    .         Spirit   .   (helmet restricted)
rElec    .         Reflect  .   (no cloak)
rCorr    .         Harm     .   (no gloves)
MR       .....                  (boots unavailable)
Stlth    ++........             (no amulet)
HPRegen  0.08/turn              (no ring)
MPRegen  0.11/turn              (no ring)

@: no status effects
A: beak, talons 3
a: no special abilities


You were on level 2 of the Dungeon.
You were not hungry.

You visited 1 branch of the dungeon, and saw 2 of its levels.

You collected 36 gold pieces.

Inventory:

Hand Weapons
 b - a +0 dagger
 e - a +0 short sword of speed (weapon)
Armour
 a - a +0 robe (worn)
Scrolls
 d - a scroll of remove curse {unknown}
 f - a scroll of identify
Potions
 h - 2 potions of haste
Comestibles
 c - 3 rations


   Skills:
 + Level 1.5 Fighting
 - Level 2.1 Dodging
 - Level 2.0 Stealth
 + Level 2.5 Spellcasting
 * Level 3.5 Conjurations
 + Level 4.6 Air Magic


You had 4 spell levels left.
You knew the following spells:

 Your Spells              Type           Power        Failure   Level  Hunger
a - Shock                 Conj/Air       ###.         3%          1    #......
b - Static Discharge      Conj/Air       ###.....     11%         3    ###....

Your spell library contained the following spells:

 Spells                   Type           Power        Failure   Level  Hunger
 Swiftness                Chrm/Air       #.......     12%         2    ##.....
 Airstrike                Air            ###.......   28%         4    #####..
 Lightning Bolt           Conj/Air       ###.......   71%         5    ######.


Dungeon Overview and Level Annotations

Branches:
Dungeon (2/15)

Altars:
Nemelex Xobeh


Innate Abilities, Weirdness & Mutations

You have a beak for a mouth.
You have claws for feet.


Message History

The zap misses the gnoll.
The gnoll hits you from afar with a +0 halberd of freezing!
Ouch! That really hurt!
The gnoll freezes you!
* * * LOW HITPOINT WARNING * * *
Casting: Shock (safe; 3% risk of failure)
Confirm with . or Enter, or press ? or * to list all spells.
Aiming: Shock (safe; 3% risk of failure)
Press: ? - help, Shift-Dir - straight line, f/p - gnoll
Aim: a gnoll, wielding a +0 halberd of freezing (almost dead)
The zap misses the gnoll.
The gnoll barely misses you.
Casting: Shock (safe; 3% risk of failure)
Confirm with . or Enter, or press ? or * to list all spells.
Aiming: Shock (safe; 3% risk of failure)
Press: ? - help, Shift-Dir - straight line, f/p - gnoll
Aim: a gnoll, wielding a +0 halberd of freezing (almost dead)
The zap hits the gnoll.
The gnoll is almost dead.
The gnoll hits you from afar with a +0 halberd of freezing.
You die...

..#.....##.####>h.. .
#.#.....##.#.)..g.. ..
#.#........#.####.. ...
#...........†# #..
...#.......#########.. .
..................#..
... .##..g....######....
.....##.......## ###..
.......@.......# #..
?.....#..#...#.## ####..
.....#...###....###.....
#.#....... ##.#.........
........... #.#..#......
...#......[##.......#...
. .#########....#..#.).
.. .......#.####.
###..#.#.#####


You could see a gnoll.

Vanquished Creatures
  3 gnolls (D:2)
  An adder (D:2)
  3 dart slugs (D:1)
  A leopard gecko (D:1)
  5 bats
  3 giant cockroaches (D:2)
  4 goblins
  3 hobgoblins (D:1)
  4 kobolds
  A ball python (D:1)
  3 frilled lizards (D:1)
  4 rats
35 creatures vanquished.

Notes
Turn   | Place    | Note
-------+----------+-------------------------------------------
     0 | D:1      | kae the Tengu Air Elementalist began the quest for the Orb.
     0 | D:1      | Reached XP level 1. HP: 10/10 MP: 4/4
    48 | D:1      | Found a sparkling altar of Nemelex Xobeh.
   173 | D:1      | Reached XP level 2. HP: 14/16 MP: 4/6
   570 | D:1      | Reached XP level 3. HP: 13/20 MP: 0/7
   576 | D:1      | Reached skill level 1 in Fighting
  1182 | D:2      | Found a faded altar of an unknown god.
  1267 | D:2      | Reached XP level 4. HP: 13/25 MP: 2/8
  1291 | D:2      | Learned a level 3 spell: Static Discharge
  1737 | D:2      | Slain by a gnoll

Levels and vault maps discovered:
D:1:      lemuel_arrival_cross, layout_rooms, nemelex_xobeh_ov_fountains_minmay
D:2:      layout_rooms, chequers_ecumenical_altar_twisty,
          minmay_misc_feat_ornament

Skill      XL: |  1  2  3 |
---------------+----------+-----
Conjurations   | 2 3 |  3.5
Fighting       | 1 |  1.5
Dodging        | |  2.1
Stealth        | |  2.0
Spellcasting   | |  2.5
Air Magic      | |  4.6

Action                   |  1- 3 |  4- 6 || total
-------------------------+-------+-------++-------
Melee: Unarmed           |     4 |       ||     4
       Kick              |     6 |       ||     6
       Dagger            |     7 |       ||     7
       Short sword       |    15 |       ||    15
       Peck              |     3 |       ||     3
 Cast: Shock             |    46 |    20 ||    66
  Use: Scroll            |     3 |       ||     3
  Eat: Chunk             |     1 |     2 ||     3
Armor: Robe              |    11 |       ||    11
Dodge: Dodged            |    24 |     6 ||    30

Table legend:
 A = Non-vault XP
 B = Vault XP
 C = Vault XP percentage of total XP
 D = Non-vault monster count
 E = Vault monster count
 F = Vault count percentage of total count
                 A         B        C        D         E       F
            +---------+---------+-------+---------+---------+-------
      Total |     114 |       0 |   0.0 |      35 |       0 |   0.0
            +---------+---------+-------+---------+---------+-------
        D:1 |      45 |       0 |   0.0 |      23 |       0 |   0.0
        D:2 |      69 |       0 |   0.0 |      12 |       0 |   0.0
            +---------+---------+-------+---------+---------+-------
